Map: Catalyst LE

Players

ShoWTimE - Winner!

  • Race: Protoss Protoss
  • Spawn Location: 11:00

Neeb

  • Race: Protoss Protoss
  • Spawn Location: 5:00

Event: WCS Valencia 2018

VOD

Have the link to the VOD?

Description

Time

  • Played on: July 14, 2018, 8:25 a.m.
  • Length: 9:46

All games in this series

Show
View Real Time Build Order
Export as new Build Order

ShoWTimE Protoss - Winner!

Build Orders:  

Get SALT Encoding   

  12  0:00  Probe  
  13  0:12  Probe  
  14  0:17  Pylon  
  14  0:24  Probe  
  15  0:32  Probe  
  15  0:38  Gateway  
  15  0:40  Probe  
  16  0:46  Assimilator  
  17  0:50  Probe  
  17  0:55  Assimilator  
  18  0:58  Probe  
  19  1:06  Probe  
  20  1:12  Gateway  
  20  1:17  Probe  
  21  1:25  Cybernetics Core  
  21  1:29  Probe  
  22  1:37  Pylon  
  22  1:41  Probe  
  22  1:45  Warp Gate  
  23  1:55  Probe  
  24  2:02  Stalker x2  
  28  2:16  Pylon  
  28  2:31  Stalker  
  28  2:34  Stalker  
  32  2:47  Gateway  
  32  3:01  Stalker  
  32  3:04  Stalker  
  36  3:11  Robotics Facility  
  36  3:22  Pylon  
  36  3:25  Shield Battery  
  36  3:29  Shield Battery  
  36  3:48  Stalker x2  
  36  3:49  Stalker  
  42  3:59  Observer  
  43  4:11  Warp Prism  
  44  4:28  Pylon  
  44  4:30  Adept  
  46  4:47  Stalker x2  
  50  4:54  Stalker  
  52  5:02  Pylon  
  52  5:11  Stalker  
  54  5:15  Probe  
  54  5:21  Stalker  
  54  5:27  Probe  
  55  5:36  Observer  
  55  5:38  Stalker  
  55  5:39  Probe  
  52  5:51  Probe  
  52  5:52  Observer  
  52  5:53  Sentry  
  52  5:55  Stalker  
  52  5:57  Immortal  
  61  6:12  Pylon  
  61  6:22  Pylon  
  61  6:27  Immortal  
  65  6:47  Sentry x2  
  68  7:02  Pylon  
  68  7:06  Observer  
  69  7:15  Pylon  
  69  7:18  Stalker  
  69  7:20  Pylon  
  71  7:28  Stalker x2  
  75  7:38  Pylon  
  75  7:51  Observer  
  76  7:58  Nexus  
  76  8:03  Probe  
  75  8:21  Sentry x2  
  75  8:22  Stalker  
  75  8:27  Probe  
  82  8:31  Pylon  
  82  8:33  Immortal  
  80  8:54  Stalker  
  78  9:24  Stalker x3  
Show
View Real Time Build Order
Export as new Build Order

Neeb Protoss 

Build Orders: Oracle Opening 

Get SALT Encoding   

  12  0:00  Probe  
  13  0:12  Probe  
  14  0:17  Pylon  
  14  0:24  Probe  
  15  0:32  Probe  
  15  0:38  Gateway  
  15  0:40  Probe  
  16  0:47  Assimilator  
  17  0:51  Probe  
  17  0:55  Assimilator  
  18  0:59  Probe  
  19  1:08  Gateway, Probe  
  19  1:18  Probe  
  21  1:27  Cybernetics Core  
  21  1:31  Probe  
  22  1:39  Pylon  
  22  1:43  Probe  
  23  1:57  Probe  
  23  1:58  Warp Gate  
  24  2:04  Sentry, Stalker  
  28  2:09  Probe  
  29  2:17  Twilight Council  
  29  2:23  Pylon  
  29  2:33  Stargate  
  29  2:41  Stalker  
  31  2:49  Stalker  
  33  3:08  Oracle  
  33  3:12  Nexus  
  35  3:45  Pylon  
  35  3:46  Pylon  
  39  3:59  Twilight Council  
  39  4:01  Shield Battery  
  39  4:02  Pylon  
  35  4:07  Oracle  
  38  4:19  Pylon  
  38  4:25  Stalker x2  
  42  4:34  Shield Battery  
  42  4:44  Gateway  
  42  4:48  Blink, Stalker  
  42  4:50  Shield Battery, Stalker  
  46  5:01  Gateway  
  43  5:27  Stalker  
  45  5:55  Stalker x2  
  47  6:02  Pylon  
  44  6:09  Oracle  
  47  6:24  Adept  
  47  6:25  Adept  
  51  6:28  Stalker  
  53  6:40  Nexus  
  53  6:45  Stalker x2  
  57  6:50  Probe  
  58  7:02  Probe  
  60  7:18  Sentry  
  60  7:19  Stalker x2  
  65  7:26  Shield Battery  
  61  7:52  Stalker x3  
  61  7:54  Nexus  
  63  8:22  Oracle  
  58  8:42  Stalker x3  
  64  8:49  Pylon  
  64  9:06  Stalker x2  
Tags
 
Add a new tag
Caveats
  • Supply blocks, unpowered buildings, or Contaminate may cause inaccurate times.
  • Supply counts are checked every 10 seconds.